 Dungeon Crawl Stone Soup version 0.28.0-45-g0d030f2227 (webtiles) character file.

Game seed: 7615948614293250415

43 brightshaft the Cudgeller (level 3, 0/19 HPs)
             Began as a Vine Stalker Cinder Acolyte on Apr 17, 2022.
             Was a High Priest of Ignis.
             Slain by a gnoll
             ... wielding a +0 flail
              (3 damage)
             ... on level 2 of the Dungeon.
             The game lasted 00:01:46 (1354 turns).

brightshaft the Cudgeller (VSCA)                    Turns: 1354, Time: 00:01:47

Health: 0/19       AC:  8    Str: 18    XL:     3   Next: 58%
Magic:  0/5        EV:  6    Int: 14    God:    Ignis [*****.]
Gold:   30         SH:  0    Dex:  9    Spells: 4/4 levels left

rFire   + . .      SeeInvis .   a - -1 mace (flame)
rCold   . . .      Faith    .   (no shield)
rNeg    . . .      Spirit   +   l - +0 chain mail
rPois   .          Reflect  .   (no helmet)
rElec   .          Harm     .   (no cloak)
rCorr   .          Rampage  .   (no gloves)
Will    .....                   (no boots)
Stlth   ..........              e - amulet of the acrobat
HPRegen 0.06/turn               (no ring)
MPRegen 0.09/turn               (no ring)

@: no status effects
A: fangs 2, magic shield, antimagic bite, no potion heal 2
a: Renounce Religion, Fiery Armour, Foxfire Swarm, Rising Flame


You were on level 2 of the Dungeon.
You worshipped Ignis.
Ignis was extremely pleased with you.
You visited 1 branch of the dungeon, and saw 2 of its levels.

You collected 30 gold pieces.

Inventory:

Hand Weapons
 a - a -1 mace of flaming (weapon)
 j - a +0 great mace
Armour
 b - a +0 robe
 l - a +0 chain mail (worn)
Jewellery
 e - an amulet of the acrobat (around neck)
 i - a ring of magical power
Scrolls
 c - 2 scrolls of identify {unknown}
 d - 2 scrolls of immolation {unknown}
 f - a scroll of teleportation {unknown}
 h - a scroll of fog {unknown}
Potions
 g - a potion of lignification {unknown}
 k - a potion of ambrosia {unknown}
 m - a potion of attraction {unknown}


   Skills:
 - Level 2.7 Fighting
 * Level 4.0 Maces & Flails
 - Level 1.1 Spellcasting
 - Level 3.0 Fire Magic


You had 4 spell levels left.
You didn't know any spells.
Your spell library contained the following spells:

 Spells                   Type           Power      Damage    Failure   Level
 Scorch                   Fire           18%        2d6       88%         2


Dungeon Overview and Level Annotations

Branches:
Dungeon (2/15)

Altars:


Innate Abilities, Weirdness & Mutations

You have extremely sharp teeth.
When hurt, damage is shared between your health and your magic reserves.
Your bite disrupts and absorbs the magic of your enemies.
Potions cannot restore your health.


Message History

A gnoll comes into view. It is wielding a +0 flail.
Things that are here:
a +0 spear; a gnoll corpse The gnoll barely misses you.
Things that are here:
a +0 spear; a gnoll corpse You barely miss the gnoll.
A jackal comes into view.
The gnoll hits you but does no damage.
You barely miss the gnoll.
The jackal barks!
The gnoll hits you but does no damage.
The jackal barks!
You hit the gnoll but do no damage. Your bite misses the gnoll.
You hear a shout!
The gnoll hits you with a +0 spear!
You closely miss the gnoll. You bite the gnoll. You drain its power.
You feel invigorated.
The gnoll is lightly wounded.
The gnoll hits you with a +0 spear.
A hobgoblin comes into view.
The gnoll hits you with a +0 spear.
You hit the gnoll. You burn the gnoll. You bite the gnoll. You drain its power.
You feel invigorated.
The gnoll is almost dead.
The gnoll hits you with a +0 spear.
* * * LOW HITPOINT WARNING * * *
You hit the gnoll. You burn the gnoll.
You kill the gnoll!
A quokka comes into view.
The quokka moves out of view.
Your Maces & Flails skill increases to level 4!
You barely miss the gnoll. Your bite misses the gnoll.
The hobgoblin hits you but does no damage.
The gnoll hits you with a +0 flail.
* * * LOW HITPOINT WARNING * * *
You barely miss the hobgoblin.
The hobgoblin hits you but does no damage.
The gnoll hits you with a +0 flail.
You die...

##### #.......... ###...#
.......... ......#
#........h ......#
#......... ......#
#..†...... # ......#
#......... .+
.>....#####(.†........#
...........†.#+####..####
..)............g@ghh.....
#.#...######..#####..#.#.
#'#####.........# .#
......#.#####..... #
......#.# #...##
......#.# #...# ......#.#
#...# ...#....## #...#
####.....#


You could see a gnoll, 2 jackals and a hobgoblin.

Vanquished Creatures
  2 gnolls (D:2)
  A ball python (D:2)
  2 bats
  5 endoplasms
  4 giant cockroaches
  A hobgoblin (D:2)
  3 frilled lizards
  3 goblins
  A kobold (D:2)
  A rat (D:1)
23 creatures vanquished.

Notes
Turn   | Place    | Note
-------+----------+-------------------------------------------
     0 | D:1      | brightshaft the Vine Stalker Cinder Acolyte began the quest
                  | for the Orb.
     0 | D:1      | Reached XP level 1. HP: 11/11 MP: 3/3
   333 | D:1      | Reached skill level 3 in Maces & Flails
   397 | D:1      | Reached XP level 2. HP: 16/16 MP: 4/4
   413 | D:1      | Found a faded altar of an unknown god.
  1159 | D:2      | Reached XP level 3. HP: 14/19 MP: 5/5
  1353 | D:2      | Reached skill level 4 in Maces & Flails
  1354 | D:2      | Slain by a gnoll

Illustrated notes

Levels and vault maps discovered:
D:1:      minmay_arrival_checkered_box, layout_basic,
          ebering_ecumenical_altar_webs, minmay_fountain_box
D:2:      layout_basic

Skill      XL: |  1  2  3 |
---------------+----------+-----
Maces & Flails | 3 4 |  4.0
Fighting       | |  2.7
Spellcasting   | |  1.1
Fire Magic     | |  3.0

Action                   || total
-------------------------++-------
Melee: Mace              ||    64
       Bite              ||    11
Armor: Robe              ||     2
       Chain mail        ||    37
Dodge: Dodged            ||    38
